 Dungeon Crawl Stone Soup version bcrawl-1.33.1b (webtiles) character file.

Game seed: 11905784596906111471

161901 Metae the Covered (level 5, -1/47 HPs)
             Began as a Sand Dwarf Fighter on Aug 29, 2021.
             Was an Initiate of Trog.
             Hit by a poisoned tomahawk thrown by an orc (3 damage)
             ... on level 3 of the Dungeon.
             The game lasted 00:08:57 (2204 turns).

Metae the Covered (Sand Dwarf Fighter)              Turns: 2204, Time: 00:08:57

Health: -1/47      AC:  9    Str: 22    XL:     5   Next: 48%
Magic:  5/5        EV:  6    Int:  8    God:    Trog [......]
Gold:   179        SH:  9    Dex: 10    Spells: 4/4 levels left

rFire    . . .     SeeInvis .   a - +0 flail
rCold    . . .     Gourm    .   c - +0 medium shield
rNeg     . . .     Faith    .   b - +0 scale mail
rPois    .         Spirit   .   h - +0 helmet
rElec    .         Reflect  .   (no cloak)
rCorr    .         Harm     .   r - +0 pair of gloves
MR       .....                  (no boots)
Stlth    ..........             (no amulet)
HPRegen  0.15/turn              (no ring)
MPRegen  0.09/turn              (no ring)

@: lethally poisoned (-1 -> -18), slow
A: small, slowness 1, armour attunement
a: Renounce Religion


You were on level 3 of the Dungeon.
You worshipped Trog.
Trog was noncommittal.
You were hungry.

You visited 1 branch of the dungeon, and saw 3 of its levels.

You collected 179 gold pieces.

Inventory:

Hand Weapons
 a - a +0 flail (weapon)
Armour
 b - a +0 scale mail (worn)
 c - a +0 medium shield (worn)
 h - a +0 helmet (worn)
 r - a +0 pair of gloves (worn)
Scrolls
 f - 2 scrolls of magic mapping {unknown}
 j - a scroll of fear {unknown}
 k - a scroll of enchant armour {unknown}
 l - 2 scrolls of amnesia
 q - a scroll of remove curse {unknown}
Potions
 d - a potion of might
 g - a potion of lignification {unknown}
 n - 2 potions of curing
 o - a potion of brilliance {unknown}
 p - 2 potions of degeneration {unknown}
 s - 2 potions of ambrosia {unknown}
 t - a potion of magic {unknown}
Comestibles
 e - 6 rations {!d}
 m - a chunk of flesh


   Skills:
 * Level 4.8 Fighting
 + Level 4.7 Maces & Flails
 * Level 4.9 Armour
 + Level 0.7 Dodging
 + Level 3.5 Shields


You had 4 spell levels left.
You didn't know any spells.
Your spell library was empty.

Dungeon Overview and Level Annotations

Branches:
Dungeon (3/12)

Altars:
Trog
Vehumet


Innate Abilities, Weirdness & Mutations

You are small and have problems with some larger weapons.
You cover ground slowly.
Armour does not affect your spellcasting.


Message History

The poisoned tomahawk barely misses you.
* * * LOW HITPOINT WARNING * * *
You feel very sick.
The orc throws a poisoned tomahawk.
You block the poisoned tomahawk.
* * * LOW HITPOINT WARNING * * *
You feel sick.
Things that are here:
a +0 hand axe; 124 stones; an orc corpse
* * * LOW HITPOINT WARNING * * *
You feel sick.
The orc throws a poisoned tomahawk.
The poisoned tomahawk hits you but does no damage.
You are more poisoned.
* * * LOW HITPOINT WARNING * * *
You feel sick.
* * * LOW HITPOINT WARNING * * *
You feel sick.
* * * LOW HITPOINT WARNING * * *
You feel sick.
The orc throws a poisoned tomahawk.
The poisoned tomahawk hits you.
You die...

#..............)).)...######
#.# ####.........######...###
...
#....................###..#
.###.........#########....#.#
................###.........#
#..#.........##.?<.....o....##
##........g..######....).....#
#####.#.##.#######.....?....#.
#.........<@...)...........
###..........####..........
#..........# #...........
#..........###.........!.
..####.......>..##............
#.............................
######.###.........#.......%.
#.# ##.........#........ #.#
#.....###..#.......


You could see an orc.

Vanquished Creatures
  2 orc wizards (D:3)
  A worker ant (D:2)
  3 gnolls
  2 worms (D:2)
  2 dart slugs
  6 orcs (D:3)
  6 bats
  4 giant cockroaches
  5 goblins
  4 hobgoblins
  3 jackals (D:3)
  2 quokkas
  A frilled lizard (D:2)
  A jackal skeleton (D:3)
  A kobold (D:2)
  A rat (D:2)
44 creatures vanquished.

Notes
Turn   | Place    | Note
-------+----------+-------------------------------------------
     0 | D:1      | Metae the Sand Dwarf Fighter began the quest for the Orb.
     0 | D:1      | Reached XP level 1. HP: 19/19 MP: 1/1
   240 | D:1      | Reached XP level 2. HP: 26/27 MP: 2/2
  1135 | D:2      | Reached XP level 3. HP: 33/33 MP: 3/3
  1419 | D:2      | Found a radiant altar of Vehumet.
  1419 | D:2      | Found a bloodstained altar of Trog.
  1437 | D:2      | Became a worshipper of Trog the Wrathful
  1480 | D:2      | Reached XP level 4. HP: 26/41 MP: 4/4
  2010 | D:3      | Reached XP level 5. HP: 23/47 MP: 5/5
  2204 | D:3      | HP: 2/47 [poisoned by an orc]
  2204 | D:3      | Hit by a poisoned tomahawk thrown by an orc

Skill      XL: |  1  2  3  4 |
---------------+-------------+-----
Armour         | 4 |  4.9
Fighting       | 4 |  4.8
Maces & Flails | 4 |  4.7
Dodging        | |  0.7
Shields        | |  3.5

Action                   |  1- 3 |  4- 6 || total
-------------------------+-------+-------++-------
Melee: Flail             |    81 |    79 ||   160
  Use: Scroll            |       |     2 ||     2
  Eat: Chunk             |     1 |     2 ||     3
       Ration            |     1 |     1 ||     2
Armor: Scale mail        |    42 |    46 ||    88
Dodge: Dodged            |    18 |    25 ||    43
Block: Medium shield     |    40 |    52 ||    92
